 Dungeon Crawl Stone Soup version 0.31-a0-202-g547052bce9 (webtiles) character file.

Game seed: 5137662100384057394

2202 qw the Skirmisher (level 9, 0/51 HPs)
             Began as a Deep Elf Hunter on June 26, 2023.
             Slain by a lemure (2 damage)
             ... led by Pikel
             ... on level 7 of the Dungeon.
             The game lasted 00:03:07 (4695 turns).

qw the Skirmisher (Deep Elf Hunter)                 Turns: 4695, Time: 00:03:07

Health: 0/51       AC:  5    Str: 15    XL:     9   Next: 12%
Magic:  11/11      EV: 13    Int: 15    God:
Gold:   263        SH:  0    Dex: 20    Spells: 8/8 levels left

rFire   . . .        q - +0 orcbow
rCold   . . .        (shield currently unavailable)
rNeg    . . .        i - +0 ring mail
rPois   .            c - +0 hat of Sin {Str+5 Slay+4 Stlth+}
rElec   .            o - scarf {repulsion}
rCorr   +            (no gloves)
SInv    .            (no boots)
Will    .....        m - amulet of regeneration
Stlth   ++           l - ring of resist corrosion
HPRegen 1.08/turn    (no ring)
MPRegen 0.12/turn

%: repel missiles
@: about to teleport
A: no striking features
a: no special abilities


You were on level 7 of the Dungeon.
You visited 1 branch of the dungeon, and saw 7 of its levels.

You collected 263 gold pieces.


   Skills:
 - Level 3.4 Fighting
 + Level 14.5 Ranged Weapons
 - Level 1.5 Armour
 - Level 5.1 Dodging
 - Level 1.2 Stealth


You had 8 spell levels left.
You didn't know any spells.
Your spell library was empty.

Inventory:

Hand Weapons
 q - a +0 orcbow (weapon)
Armour
 c - the +0 hat of Sin (worn) {Str+5 Slay+4 Stlth+}
   (You acquired it on level 1 of the Dungeon)

   Str:       It affects your strength (+5).
   Slay:      It affects your accuracy & damage with ranged weapons and melee
   (+4).
   Stlth:     It makes you more stealthy.
 e - a +1 cloak
 i - a +0 ring mail (worn)
 o - a scarf of repulsion (worn)
Jewellery
 b - a ring of fire
 l - a ring of resist corrosion (left hand)
 m - an amulet of regeneration (around neck)
Wands
 j - a wand of digging (5)
Scrolls
 a - 3 scrolls of identify
 f - a scroll of teleportation
Potions
 d - a potion of cancellation
 h - a potion of mutation
 k - a potion of enlightenment
 n - 2 potions of heal wounds

Dungeon Overview and Level Annotations

Branches:
Dungeon (7/15)
 Temple: D:4-7

Altars:
Ashenzari
Dithmenos
Gozag
Nemelex Xobeh
The Shining One

Annotations:
D:6 3 runed translucent doors, qw's ghost, novice GrFi
D:7 Pikel


Message History

You shoot an arrow. The arrow hits the lemure!
You kill the lemure!
That felt strangely unrewarding.
A lemure comes into view.
You shoot an arrow. The arrow closely misses Pikel.
The lemure shouts!
You shoot an arrow. The arrow hits Pikel.
Pikel is lightly wounded.
Pikel hits you with a +2 whip of electrocution!
You shoot an arrow. The arrow barely misses Pikel.
You shoot an arrow. The arrow misses Pikel.
The lemure hits you. Pikel misses you.
You shoot an arrow. The arrow barely misses Pikel.
The lemure closely misses you.
Pikel hits you with a +2 whip of electrocution.
You shoot an arrow. The arrow hits Pikel.
Pikel is lightly wounded.
The lemure misses you. Pikel misses you.
You shoot an arrow. The arrow hits Pikel!
Pikel is moderately wounded.
The lemure hits you.
Pikel cracks his whip.
Pikel hits you with a +2 whip of electrocution.
You shoot an arrow. The arrow barely misses Pikel.
The lemure hits you. Pikel barely misses you.
You shoot an arrow. The arrow barely misses Pikel.
The lemure hits you but does no damage.
Pikel hits you with a +2 whip of electrocution!
You shoot an arrow.
The arrow hits Pikel but does no damage.
Pikel is moderately wounded.
You shoot an arrow. The arrow hits Pikel.
Pikel is moderately wounded.
The lemure hits you. x2
Pikel hits you with a +2 whip of electrocution.
4695 ||| READING 2 scrolls of teleportation.
As you read the scroll of teleportation, it crumbles to dust.
You feel strangely unstable. The lemure hits you.
You die...

........##...# .
#.......##.#
###......#.#.
##..##..... .
#######..##..... ###
..#......#......## ...#
...........#.##..## ....
#....55K#...# ...##...)
.##....@###..# #........
..........#..###........
.>.#...)......##.....###
.......).###..#.)..)....
..........#....).))....#
#..............#....#...
##....#........##...)...
......#......).#........
#...#.###.....#).......#


You could see Pikel and 2 lemures.

Vanquished Creatures
  Joseph (D:7)
  Eustachio (D:6)
  An ice beast (D:5)
  A centaur (D:6)
  2 lemures (D:7)
  2 phantoms (D:5)
  A kobold brigand (D:7)
  A bullfrog (D:6)
  A gnoll sergeant (D:5)
  4 scorpions
  6 wights (D:7)
  2 howler monkeys
  A hound (D:5)
  6 orc priests
  3 sleepcaps
  An iguana (D:5)
  2 orc wizards
  5 gnolls (D:5)
  9 adders
  2 shadow imps (D:6)
  A white imp (D:6)
  2 ufetubi
  2 worms (D:2)
  2 dart slugs
  12 orcs
  4 bats
  6 endoplasms
  4 giant cockroaches
  6 goblins
  5 hobgoblins
  5 jackals
  8 quokkas
  8 ball pythons
  A frilled lizard (D:2)
  5 kobolds
  5 rats
128 creatures vanquished.

Notes
Turn   | Place    | Note
-------+----------+-------------------------------------------
     0 | D:1      | qw the Deep Elf Hunter began the quest for the Orb.
     0 | D:1      | Reached XP level 1. HP: 12/12 MP: 3/3
     0 | D:1      | 0 ||| qw: Version: 0.3-a-22-g0ed2b0b
     0 | D:1      | 0 ||| qw: Game counter: 5761
     0 | D:1      | 0 ||| qw: Melee chars always use a shield: true
     0 | D:1      | 0 ||| qw: God list: Okawaru
     0 | D:1      | 0 ||| qw: Allow faded altars: false
     0 | D:1      | 0 ||| qw: Do Orc after clearing Dungeon:15 true
     0 | D:1      | 0 ||| qw: Do second Lair branch before Depths: true
     0 | D:1      | 0 ||| qw: Lair rune preference: random
     0 | D:1      | 0 ||| qw: Goals: Normal
     0 | D:1      | 0 ||| PLANNING D:1-11
   262 | D:1      | Reached skill level 6 in Ranged Weapons
   262 | D:1      | Reached XP level 2. HP: 16/16 MP: 4/4
   647 | D:1      | 647 ||| UPGRADING to +0 cloak.
   652 | D:1      | 652 ||| UPGRADING to +0 helmet.
   657 | D:1      | 657 ||| UPGRADING to +0 ring mail.
   667 | D:1      | 667 ||| DROPPING +0 leather armour.
   668 | D:1      | 668 ||| READING 5 scrolls labelled JIAVECW VORGH.
   669 | D:1      | 669 ||| READING scroll labelled XOCWUYNLUR.
   670 | D:1      | 670 ||| READING scroll labelled DEEHY FA UTURR.
   670 | D:1      | Identified a scroll of acquirement
   670 | D:1      | 670 ||| ACQUIRING +0 hat of Sin {Str+5 Slay+4 Stlth+}
   670 | D:1      | Acquired the +0 hat of Sin {Str+5 Slay+4 Stlth+}
   672 | D:1      | 672 ||| UPGRADING to +0 hat of Sin {Str+5 Slay+4 Stlth+}.
   682 | D:1      | 682 ||| DROPPING +0 helmet.
   683 | D:1      | 683 ||| READING 4 scrolls of identify.
   683 | D:1      | 683 ||| IDENTIFYING smoky black potion
   684 | D:1      | 684 ||| DROPPING scroll of butterflies.
   685 | D:1      | 685 ||| DROPPING potion of invisibility.
   789 | D:2      | Reached XP level 3. HP: 20/20 MP: 5/5
   801 | D:2      | Identified the +5 dagger of Transparent Conscience {spect,
                  | rC++}
   847 | D:2      | Reached skill level 7 in Ranged Weapons
   984 | D:2      | Reached XP level 4. HP: 25/25 MP: 6/6
  1289 | D:2      | 1289 ||| READING scroll labelled JUEC YJEYB.
  1290 | D:2      | 1290 ||| READING scroll labelled JONIQU GIRCH.
  1291 | D:2      | 1291 ||| READING 3 scrolls of identify.
  1291 | D:2      | 1291 ||| IDENTIFYING fuming clear potion
  1293 | D:2      | 1293 ||| Stepping ~*~*~tactically~*~*~ (cloud).
  2074 | D:3      | Found a glowing golden altar of the Shining One.
  2080 | D:3      | 2080 ||| UPGRADING to amulet of regeneration.
  2085 | D:3      | 2085 ||| UPGRADING to ring of resist corrosion.
  2086 | D:3      | 2086 ||| READING scroll labelled VINOITR ENOMEG.
  2089 | D:3      | 2089 ||| READING 2 scrolls labelled AREM KUSAUD.
  2090 | D:3      | 2090 ||| READING scroll of enchant armour.
  2090 | D:3      | 2090 ||| ENCHANTING +0 cloak.
  2091 | D:3      | 2091 ||| READING scroll labelled EFACHI RIBRO.
  2092 | D:3      | 2092 ||| READING 3 scrolls of identify.
  2092 | D:3      | 2092 ||| IDENTIFYING grey potion
  2093 | D:3      | 2093 ||| READING 2 scrolls of identify.
  2093 | D:3      | 2093 ||| IDENTIFYING glowing cyan potion
  2181 | D:4      | Reached skill level 8 in Ranged Weapons
  2207 | D:4      | Reached XP level 5. HP: 23/29 MP: 7/7
  2240 | D:4      | Reached skill level 9 in Ranged Weapons
  2357 | D:4      | Found a broken altar of Ashenzari.
  2485 | D:4      | Found a sparkling altar of Nemelex Xobeh.
  2491 | D:4      | 2491 ||| READING 3 scrolls labelled ITURAAH DONLOF.
  2492 | D:4      | 2492 ||| DROPPING 2 scrolls of amnesia.
  2507 | D:5      | Entered Level 5 of the Dungeon
  2528 | D:5      | Reached skill level 3 in Dodging
  2531 | D:5      | Reached XP level 6. HP: 34/35 MP: 8/8
  2579 | D:5      | Reached skill level 10 in Ranged Weapons
  2590 | D:5      | Found an opulent altar of Gozag.
  2611 | D:5      | Reached skill level 1 in Armour
  2611 | D:5      | Reached XP level 7. HP: 36/40 MP: 9/9
  2746 | D:5      | Reached skill level 11 in Ranged Weapons
  2755 | D:5      | 2755 ||| FLEEEEING.
  2756 | D:5      | 2756 ||| FLEEEEING.
  2757 | D:5      | 2757 ||| STAIRDANCE
  2900 | D:5      | 2900 ||| Stepping ~*~*~tactically~*~*~ (outnumbered).
  2970 | D:5      | Found a shadowy altar of Dithmenos.
  3005 | D:5      | 3005 ||| DRINKING 2 orange potions.
  3006 | D:5      | 3006 ||| READING 2 scrolls of identify.
  3006 | D:5      | 3006 ||| IDENTIFYING fizzy purple potion
  3014 | D:6      | 3014 ||| PLANNING SEWER
  3033 | D:6      | Reached XP level 8. HP: 45/45 MP: 10/10
  3038 | D:6      | Found a runed translucent gate.
  3040 | D:6      | Found a runed translucent gate.
  3041 | D:6      | Found a runed translucent gate.
  3048 | D:6      | Noticed qw's ghost (novice GrFi)
  3108 | D:6      | Reached skill level 12 in Ranged Weapons
  3132 | D:6      | Noticed Eustachio
  3145 | D:6      | Killed Eustachio
  3146 | D:6      | Reached skill level 3 in Fighting
  3244 | D:6      | 3244 ||| FLEEEEING.
  3245 | D:6      | 3245 ||| FLEEEEING.
  3588 | D:6      | Reached skill level 13 in Ranged Weapons
  3645 | D:6      | 3645 ||| SWAPPING to +0 orcbow.
  3647 | D:6      | 3647 ||| DROPPING +1 shortbow.
  3656 | D:6      | 3656 ||| Stepping ~*~*~tactically~*~*~ (water).
  3656 | D:6      | Found a glowing drain.
  3661 | D:6      | 3661 ||| UPGRADING to scarf of repulsion.
  3671 | D:6      | 3671 ||| DRINKING 2 sapphire potions.
  3672 | D:6      | 3672 ||| DRINKING potion of curing.
  3672 | D:6      | 3672 ||| (to cure confusion)
  3673 | D:6      | 3673 ||| DROPPING potion of ambrosia.
  3689 | D:6      | 3689 ||| Stepping ~*~*~tactically~*~*~ (water).
  3691 | D:6      | 3691 ||| Stepping ~*~*~tactically~*~*~ (water).
  3787 | D:6      | 3787 ||| STAIRDANCE
  3809 | D:6      | 3809 ||| STAIRDANCE
  3813 | D:6      | 3813 ||| STAIRDANCE
  3815 | D:5      | 3815 ||| RIP SEWER
  3815 | D:5      | 3815 ||| PLANNING D:1-11
  4588 | D:7      | 4588 ||| Stepping ~*~*~tactically~*~*~ (outnumbered).
  4591 | D:7      | 4591 ||| Stepping ~*~*~tactically~*~*~ (outnumbered).
  4625 | D:7      | Noticed Joseph
  4631 | D:7      | 4631 ||| FLEEEEING.
  4632 | D:7      | 4632 ||| FLEEEEING.
  4633 | D:7      | 4633 ||| FLEEEEING.
  4639 | D:7      | 4639 ||| FLEEEEING.
  4640 | D:7      | 4640 ||| FLEEEEING.
  4641 | D:7      | 4641 ||| FLEEEEING.
  4645 | D:7      | 4645 ||| FLEEEEING.
  4646 | D:7      | 4646 ||| FLEEEEING.
  4647 | D:7      | 4647 ||| FLEEEEING.
  4648 | D:7      | 4648 ||| FLEEEEING.
  4649 | D:7      | 4649 ||| FLEEEEING.
  4663 | D:7      | Killed Joseph
  4664 | D:7      | Reached skill level 14 in Ranged Weapons
  4664 | D:7      | Reached XP level 9. HP: 51/51 MP: 11/11
  4679 | D:7      | Noticed Pikel
  4694 | D:7      | HP: 7/51 [lemure[Pikel] (6)]
  4694 | D:7      | HP: 1/51 [Pikel/+2 whip of electrocution (6)]
  4695 | D:7      | 4695 ||| READING 2 scrolls of teleportation.
  4695 | D:7      | Slain by a lemure

Levels and vault maps discovered:
D:1:      dpeg_arrival_tiny_k, layout_loops_ring
D:2:      layout_loops_ring
D:3:      layout_loops_ring, tso_altar
D:4:      layout_rooms, nicolae_ashenzari_skybound, nemelex_dance_club_becter
D:5:      layout_rooms, mainiacjoe_overflow_chevrons,
          mainiacjoe_overflow_brackets
D:6:      layout_cave_pods, gammafunk_ghost_split, gup_sewer_entry_pipe,
          uniq_eustachio
D:7:      layout_cave_pools, temple_hall, gammafunk_ghost_abyssal_escape,
          kennysheep_opposing_triangles, uniq_joseph, uniq_pikel

Skill      XL: |  1  2  3  4  5  6  7  8 |
---------------+-------------------------+-----
Ranged Weapons | 6 7 8 9 10 11 14 | 14.5
Dodging        | 3 4 5 |  5.1
Fighting       | 2 3 |  3.4
Armour         | 1 |  1.5
Stealth        | |  1.2

Action                     |  1- 3 |  4- 6 |  7- 9 || total
---------------------------+-------+-------+-------++-------
   Fire: Shortbow          |    68 |   124 |   134 ||   326
         Orcbow            |       |       |    62 ||    62
    Use: Scroll            |     4 |    10 |     2 ||    16
         Potion            |       |       |     3 ||     3
 Armour: Ring mail         |     8 |    15 |    11 ||    34
  Dodge: Dodged            |    10 |    19 |    42 ||    71

Table legend:
 A = Non-vault XP
 B = Vault XP
 C = Vault XP percentage of total XP
 D = Non-vault monster count
 E = Vault monster count
 F = Vault count percentage of total count
                 A         B        C        D         E       F
            +---------+---------+-------+---------+---------+-------
      Total |    2504 |     643 |  20.4 |     116 |      10 |   7.9
            +---------+---------+-------+---------+---------+-------
        D:1 |      24 |       0 |   0.0 |      14 |       0 |   0.0
        D:2 |      95 |       0 |   0.0 |      24 |       0 |   0.0
        D:3 |      26 |       0 |   0.0 |       8 |       0 |   0.0
        D:4 |     164 |       5 |   3.0 |      17 |       2 |  10.5
        D:5 |    1101 |       0 |   0.0 |      26 |       0 |   0.0
        D:6 |     547 |     215 |  28.2 |      16 |       7 |  30.4
        D:7 |     547 |     423 |  43.6 |      11 |       1 |   8.3
            +---------+---------+-------+---------+---------+-------
